 Dungeon Crawl Stone Soup version 0.28.0-43-g3370ac3207 (webtiles) character file.

Game seed: 3456314694338645428

655 pkoi the Gusty (level 7, -4/41 HPs)
             Began as an Octopode Air Elementalist on Mar 17, 2022.
             Slain by a scorpion (5 damage)
             ... on level 5 of the Dungeon.
             The game lasted 00:07:38 (6714 turns).

pkoi the Gusty (Octopode Air Elementalist)          Turns: 6714, Time: 00:07:39

Health: -4/41      AC:  1    Str:  7    XL:     7   Next: 54%
Magic:  13/21      EV: 13    Int: 20    God:
Gold:   243        SH:  0    Dex: 12    Spells: 5/13 levels left

rFire   . . .      SeeInvis .   d - +2 dagger (venom)
rCold   . . .      Faith    .   (no shield)
rNeg    . . .      Spirit   .   (helmet restricted)
rPois   .          Reflect  .   (no amulet)
rElec   .          Harm     .   f - ring of magical power
rCorr   .          Rampage  .   (no ring)
Will    .....                   (no ring)
Stlth   +++.......              (no ring)
HPRegen 0.13/turn               (no ring)
MPRegen 0.17/turn               (no ring)
                                (no ring)
                                (no ring)

@: very slightly contaminated
A: almost no armour, amphibious, 8 rings, camouflage 1, gelatinous body 1,
(nimble swimmer 1), tentacles
a: no special abilities


You were on level 5 of the Dungeon.
You visited 1 branch of the dungeon, and saw 5 of its levels.

You collected 243 gold pieces.

Inventory:

Hand Weapons
 b - a +0 dagger
 d - a +2 dagger of venom (weapon)
 i - a +2 whip of draining
Magical Staves
 a - a staff of cold
Jewellery
 f - a ring of magical power (left tentacle)
Scrolls
 j - a scroll of identify
Potions
 e - 3 potions of berserk rage {unknown}
 g - a potion of curing {unknown}
 h - a potion of might {unknown}
 k - a potion of mutation {unknown}
 m - a potion of flight {unknown}


   Skills:
 - Level 2.0 Dodging
 - Level 2.6 Stealth
 + Level 3.8 Spellcasting
 + Level 2.3 Conjurations
 + Level 7.3 Air Magic


You had 5 spell levels left.
You knew the following spells:

 Your Spells              Type           Power      Damage    Failure   Level
a - Shock                 Conj/Air       92%        1d8       1%          1
b - Swiftness             Air            33%        N/A       1%          3
c - Airstrike             Air            16%        N/A       6%          4

Your spell library contained the following spells:

 Spells                   Type           Power      Damage    Failure   Level
 Static Discharge         Conj/Air       23%        N/A       2%          2
 Dazzling Flash           Conj/Hex       16%        N/A       24%         3
 Iskenderun's Mystic Bla  Conj/Tloc      8%         2d4       63%         4
 Starburst                Conj/Fire      4%         6d3       100%        6


Dungeon Overview and Level Annotations

Branches:
Dungeon (5/15)
 Temple: D:4-7

Altars:

Shops:
D:3 (

Annotations:
D:2 Terence
D:4 2 transporters
D:5 exclusion: troll


Innate Abilities, Weirdness & Mutations

You cannot wear most types of armour.
You are amphibious.
You can wear up to eight rings at the same time.
Your skin changes colour to match your surroundings (Stealth+).
Your rubbery body absorbs attacks. (AC +1, EV +1)
((You are camouflaged when in or above water. (Stealth+)))
You have tentacles for arms and can constrict up to eight enemies at once.


Message History

Aiming: Shock (safe; 1% risk of failure)
Press: ? - help, Q - select action, (/) - cycle Shift-Dir - straight line, f/p - orc priest
Aim: an orc priest, wielding a +0 flail (severely wounded, 74% to hit)
You miscast Shock.
You are very lightly contaminated with residual magic.
Nothing appears to happen.
The orc priest mumbles some strange prayers to Beogh against you.
Beogh smites you!
* * * LOW HITPOINT WARNING * * *
Aiming: Shock (safe; 1% risk of failure)
Press: ? - help, Q - select action, (/) - cycle Shift-Dir - straight line, f/p - orc priest
Aim: an orc priest, wielding a +0 flail (severely wounded, 74% to hit)
The zap hits the orc priest.
You kill the orc priest!
The zap hits the centaur.
The centaur is almost dead.
The zap hits the scorpion but does no damage.
The scorpion is moderately wounded.
The zap hits the scorpion.
The scorpion is heavily wounded.
The centaur shoots an arrow.
The arrow hits you!
* * * LOW HITPOINT WARNING * * *
The centaur unwields a +0 shortbow.
The centaur hits you.
* * * LOW HITPOINT WARNING * * *
The centaur kicks you.
* * * LOW HITPOINT WARNING * * *
Things that are here:
a +0 flail; a scroll of identify; an orc corpse
Aiming: Shock (safe; 1% risk of failure)
Press: ? - help, Q - select action, (/) - cycle Shift-Dir - straight line The zap hits the centaur.
The centaur is almost dead.
The zap hits the scorpion.
The scorpion is heavily wounded.
The zap hits the scorpion!
The scorpion is severely wounded.
The zap hits the centaur.
You kill the centaur!
The scorpion stings you.
You die...

#..# #.# #.# #..#
#(# #..
#..#########.#######
#..
....................
..#
....###.#.##.#######
#....>...>.......#
#o......#.##.###.#
#..###### ...# #.#
...########..# #@#
....o.<......# #s#
..#########... #.#
..# ####
#..#.....cs.# ...
..# #..(..####...#
.# #.####.#.#. .. .
#<.......#. .
#ZZ........ .
#........##


You could see a scorpion.

Vanquished Creatures
  A water moccasin (D:5)
  An ogre (D:3)
  A centaur (D:5)
  A water moccasin skeleton (D:4)
  A bullfrog zombie (D:5)
  A jelly (D:5)
  3 orc priests
  A bullfrog skeleton (D:2)
  2 hounds (D:4)
  An iguana (D:4)
  A hound skeleton (D:4)
  3 adders
  An ufetubus (D:5)
  2 worms
  A dart slug (D:4)
  11 orcs
  4 bats
  8 endoplasms
  5 giant cockroaches
  14 goblins
  6 hobgoblins
  2 jackals (D:1)
  A quokka (D:2)
  5 ball pythons
  5 frilled lizards
  10 kobolds
  3 rats
95 creatures vanquished.

Vanquished Creatures (others)
  A plant (D:3)
1 creature vanquished.

Grand Total: 96 creatures vanquished

Notes
Turn   | Place    | Note
-------+----------+-------------------------------------------
     0 | D:1      | pkoi the Octopode Air Elementalist began the quest for the
                  | Orb.
     0 | D:1      | Reached XP level 1. HP: 11/11 MP: 3/3
   410 | D:1      | Reached XP level 2. HP: 12/17 MP: 1/5
  1047 | D:1      | Reached skill level 4 in Air Magic
  1251 | D:1      | Reached XP level 3. HP: 21/21 MP: 2/6
  1936 | D:2      | Noticed Terence
  1996 | D:2      | Reached XP level 4. HP: 17/27 MP: 1/7
  2176 | D:2      | Reached skill level 5 in Air Magic
  3146 | D:3      | Found Jirot's Weapon Boutique.
  3382 | D:3      | Reached XP level 5. HP: 31/31 MP: 4/8
  3520 | D:3      | Learned a level 3 spell: Swiftness
  3525 | D:3      | Learned a level 4 spell: Airstrike
  3546 | D:3      | Noticed an ogre
  3571 | D:3      | Found a faded altar of an unknown god.
  3592 | D:3      | Killed an ogre
  3593 | D:3      | Reached skill level 6 in Air Magic
  4048 | D:4      | Reached XP level 6. HP: 34/36 MP: 3/9
  4812 | D:4      | Found a transporter.
  5183 | D:4      | Found a transporter.
  5649 | D:4      | Reached skill level 7 in Air Magic
  5757 | D:5      | Entered Level 5 of the Dungeon
  5796 | D:5      | Reached XP level 7. HP: 25/41 MP: 12/12
  6274 | D:5      | Noticed a troll
  6713 | D:5      | HP: 1/41 [centaur (2)]
  6714 | D:5      | Slain by a scorpion

Illustrated notes

Levels and vault maps discovered:
D:1:      minmay_arrival_checkered_box, layout_rooms
D:2:      layout_rooms, serial_curves, eino_curves_03, eino_curves_03,
          eino_curves_04, guppyfry_early_orc_mine, uniq_terence
D:3:      layout_basic, shapermc_ecumenical_altar_mp_urbaneastern, serial_shops,
          nicolae_lakefront_shop
D:4:      gammafunk_steamed_eel, layout_basic, grunt_ministairs_9
D:5:      layout_loops_ring, grunt_temple_overflow_lords_of_destruction,
          nicolae_ru_great_annihilating_truth, minmay_temple_entry_waves,
          corexii_corridor_pit, uniq_pikel

Skill      XL: |  1  2  3  4  5  6  7 |
---------------+----------------------+-----
Air Magic      | 4 5 6 7 |  7.3
Spellcasting   | 3 |  3.8
Conjurations   | 2 |  2.3
Dodging        | |  2.0
Stealth        | |  2.6

Action                   |  1- 3 |  4- 6 |  7- 9 || total
-------------------------+-------+-------+-------++-------
Melee: Staff             |    24 |     6 |       ||    30
       Constrict         |     6 |     6 |       ||    12
       Tentacles         |     7 |     5 |       ||    12
       Dagger            |       |    15 |       ||    15
 Cast: Shock             |    62 |   133 |    30 ||   225
  Use: Scroll            |       |     6 |       ||     6
Armor: Skin              |     2 |     3 |     1 ||     6
Dodge: Dodged            |    23 |    17 |    14 ||    54
